[ AOE2 MATCH · #477391680 ]
UnrankedHuns vs Khmer
[ REPLAY ANALYSIS · EXTRACTED FROM THE RECORDED GAME ]
Feudal
16:42
Castle
31:46
Imperial
53:26
| APM avg | 11.2 |
| APM peak | 41 |
| eAPM avg | 7.1 |
| Villagers / military | 66 / 161 |
Focus
⚔️ 32.7% · 🌾 67.3%
Knight ×51 · Militia ×51 · Tarkan ×49 · Petard ×10 · Trade Cart ×7
Feudal
11:46
Castle
29:15
Imperial
37:46
| APM avg | 7.0 |
| APM peak | 33 |
| eAPM avg | 5.8 |
| Villagers / military | 63 / 97 |
Focus
⚔️ 34.3% · 🌾 65.7%
Ballista Elephant ×85 · Scorpion ×7 · Trade Cart ×5 · Fishing Ship ×5 · Trebuchet (Packed) ×4 · Monk ×1
Feudal
17:51
Castle
23:49
Imperial
38:52
| APM avg | 12.0 |
| APM peak | 27 |
| eAPM avg | 9.1 |
| Villagers / military | 94 / 113 |
Focus
⚔️ 25.9% · 🌾 74.1%
Conquistador ×96 · Trebuchet (Packed) ×16 · Monk ×1
Feudal
18:02
Castle
29:13
Imperial
47:30
| APM avg | 8.0 |
| APM peak | 25 |
| eAPM avg | 7.0 |
| Villagers / military | 58 / 94 |
Focus
⚔️ 48.3% · 🌾 51.7%
Spearman ×59 · Unknown (1968) ×34 · Skirmisher ×17 · Mangonel ×14 · Monk ×2 · Militia ×2
Feudal
15:50
Castle
30:22
Imperial
46:07
| APM avg | 10.3 |
| APM peak | 29 |
| eAPM avg | 7.6 |
| Villagers / military | 96 / 188 |
Focus
⚔️ 27.9% · 🌾 72.1%
Knight ×170 · Trade Cart ×14 · Bombard Cannon ×14 · Mangonel ×3 · Monk ×1
Feudal
15:23
Castle
25:53
Imperial
—
| APM avg | 12.9 |
| APM peak | 38 |
| eAPM avg | 8.0 |
| Villagers / military | 120 / 20 |
Focus
⚔️ 11.5% · 🌾 88.5%
Spearman ×12 · Archer ×4 · Militia ×3 · Throwing Axeman ×1
Feudal
17:23
Castle
23:48
Imperial
39:39
| APM avg | 29.3 |
| APM peak | 80 |
| eAPM avg | 15.8 |
| Villagers / military | 77 / 92 |
Focus
⚔️ 38.3% · 🌾 61.7%
Monk ×70 · Unknown (2586) ×32 · Trade Cart ×22 · Mangonel ×7 · Spearman ×5 · Scorpion ×4
Feudal
13:24
Castle
29:52
Imperial
43:01
| APM avg | 9.3 |
| APM peak | 29 |
| eAPM avg | 6.6 |
| Villagers / military | 57 / 111 |
Focus
⚔️ 47.0% · 🌾 53.0%
Archer ×71 · Jaguar Warrior ×23 · Militia ×11 · Monk ×3 · Trade Cart ×3 · Trebuchet (Packed) ×2
Match map
Initial resources + every placement click. Lines = walls · curves = elevation contours. ◆ gold · ⬟ stone · ● berries · ✦ relic · ◌ wall gap
Your base· ✓ Closed at 31:46 · 17t walls · no gate
jera200888's base· ✓ Closed at 29:15 · 32t walls · 2 gate(s)
User_Don_Juan217's base· ✓ Closed at 23:49 · 0t walls · no gate
ThugsBunny's base· ✓ Closed at 29:13 · 48t walls · no gate
Don M´s's base· ✓ Closed at 30:22 · 120t walls · 1 gate(s)
JA9IIR's base· ✓ Closed at 25:53 · 21t walls · no gate
davixherre's base· ✓ Closed at 23:48 · 30t walls · 4 gate(s)
Sharknado's base· ✓ Closed at 29:52 · 31t walls · no gate
Smoothed initial terrain · ◌ = detected wall gap · hover for details
Inputs per minute
— Apollo 1984 - - jera200888
Build order — Apollo 1984
First 150 of 184 actions detected
| 0:05 | Create | Villager (Male) ×4 |
| 2:09 | Create | Villager (Male) |
| 2:52 | Create | Villager (Male) |
| 3:42 | Build | Palisade Wall |
| 4:11 | Create | Villager (Male) |
| 4:12 | Create | Villager (Male) |
| 5:02 | Create | Villager (Male) ×2 |
| 6:02 | Create | Villager (Male) |
| 6:02 | Create | Villager (Male) |
| 6:54 | Create | Villager (Male) |
| 7:14 | Build | Lumber Camp |
| 7:52 | Build | Mining Camp |
| 8:16 | Create | Villager (Male) |
| 8:17 | Create | Villager (Male) |
| 8:20 | Create | Villager (Male) |
| 8:20 | Create | Villager (Male) |
| 8:57 | Build | Mill |
| 9:56 | Build | Farm |
| 10:04 | Build | Farm |
| 10:14 | Build | Farm |
| 10:25 | Build | Farm |
| 10:58 | Build | Barracks |
| 11:14 | Create | Villager (Male) |
| 11:15 | Create | Villager (Male) |
| 11:16 | Create | Villager (Male) |
| 11:23 | Create | Villager (Male) |
| 11:47 | Research | Loom |
| 12:04 | Build | Farm |
| 12:06 | Build | Farm |
| 12:11 | Build | Farm |
| 12:37 | Build | Outpost |
| 12:58 | Build | Farm |
| 13:20 | Build | Farm |
| 13:41 | Build | Farm |
| 14:03 | Build | Farm |
| 14:32 | Research | Feudal Age |
| 14:32 | Research | Feudal Age |
| 15:18 | Create | Militia ×3 |
| 15:29 | Create | Militia |
| 15:43 | Create | Militia |
| 15:57 | Create | Militia |
| 16:11 | Create | Militia |
| 16:28 | Create | Militia |
| 16:33 | Create | Militia |
| 16:42 | Age | Feudal Age |
| 16:55 | Build | Market |
| 17:18 | Create | Villager (Male) |
| 17:19 | Create | Villager (Male) |
| 17:26 | Create | Villager (Male) |
| 17:39 | Research | Horse Collar |
| 17:39 | Research | Horse Collar |
| 17:49 | Build | Farm |
| 17:53 | Build | Farm |
| 18:03 | Build | Farm |
| 18:06 | Build | Farm |
| 18:12 | Build | Farm |
| 18:20 | Build | Farm |
| 18:24 | Create | Villager (Male) |
| 18:25 | Create | Villager (Male) |
| 18:26 | Create | Villager (Male) |
| 18:48 | Research | Man-at-Arms (upgrade) |
| 18:48 | Research | Man-at-Arms (upgrade) |
| 19:34 | Create | Villager (Male) |
| 19:59 | Create | Villager (Male) |
| 20:00 | Create | Villager (Male) |
| 20:00 | Create | Villager (Male) |
| 20:09 | Research | Gold Mining |
| 20:09 | Research | Gold Mining |
| 20:24 | Build | Farm |
| 20:29 | Build | Farm |
| 20:34 | Build | Farm |
| 21:26 | Create | Villager (Male) ×5 |
| 21:31 | Create | Trade Cart ×2 |
| 21:36 | Create | Trade Cart |
| 21:46 | Create | Trade Cart |
| 22:36 | Research | Arson |
| 23:02 | Build | Blacksmith |
| 23:07 | Create | Villager (Male) |
| 23:08 | Create | Villager (Male) |
| 23:09 | Create | Villager (Male) |
| 24:14 | Build | Farm |
| 24:28 | Create | Villager (Male) |
| 24:28 | Create | Villager (Male) |
| 24:30 | Create | Villager (Male) |
| 24:48 | Research | Forging |
| 24:49 | Research | Scale Mail Armor |
| 24:50 | Research | Scale Barding Armor |
| 24:50 | Research | Scale Barding Armor |
| 24:56 | Create | Militia ×5 |
| 25:03 | Build | Barracks |
| 25:43 | Create | Villager (Male) |
| 25:50 | Create | Trade Cart |
| 25:50 | Create | Trade Cart |
| 25:50 | Create | Trade Cart |
| 26:16 | Build | Watch Tower |
| 26:38 | Create | Villager (Male) |
| 26:38 | Create | Villager (Male) |
| 26:39 | Create | Villager (Male) |
| 26:39 | Create | Villager (Male) |
| 26:59 | Build | Mining Camp |
| 29:06 | Research | Castle Age |
| 29:27 | Build | Stone Wall |
| 29:51 | Build | Stone Wall |
| 29:53 | Build | Stone Wall |
| 30:20 | Build | Stone Wall |
| 30:20 | Build | Stone Wall |
| 30:22 | Build | Stone Wall |
| 30:26 | Build | Stone Wall |
| 30:38 | Create | Militia ×5 |
| 30:39 | Create | Militia ×5 |
| 30:40 | Create | Militia ×5 |
| 30:41 | Create | Militia ×2 |
| 31:30 | Build | Stone Wall |
| 31:46 | Age | Castle Age |
| 31:50 | Research | Long Swordsman (upgrade) |
| 31:58 | Build | Watch Tower |
| 32:59 | Create | Villager (Male) ×5 |
| 33:14 | Build | Stable |
| 33:17 | Build | Stable |
| 33:21 | Build | Stable |
| 33:24 | Build | Stable |
| 33:28 | Build | Stable |
| 33:52 | Create | Militia ×5 |
| 33:54 | Create | Militia ×5 |
| 35:32 | Create | Villager (Male) |
| 35:33 | Create | Villager (Male) |
| 36:24 | Research | Bloodlines |
| 36:24 | Research | Bloodlines |
| 36:27 | Research | Husbandry |
| 36:27 | Research | Husbandry |
| 36:38 | Create | Militia ×5 |
| 36:40 | Create | Militia ×5 |
| 37:30 | Create | Knight ×5 |
| 37:31 | Create | Knight ×2 |
| 37:47 | Build | Castle |
| 37:57 | Create | Villager (Male) ×5 |
| 38:09 | Create | Knight |
| 38:10 | Create | Knight |
| 38:10 | Create | Knight |
| 38:17 | Create | Knight ×4 |
| 39:14 | Create | Villager (Male) ×5 |
| 39:41 | Create | Knight ×3 |
| 39:46 | Create | Knight |
| 39:46 | Create | Knight |
| 40:41 | Create | Knight ×5 |
| 41:27 | Create | Tarkan ×4 |
| 41:42 | Build | Castle |
| 42:38 | Create | Villager (Male) |
| 42:39 | Create | Villager (Male) |
| 43:12 | Create | Knight ×5 |
Build order — jera200888
First 150 of 249 actions detected
| 1:05 | Create | Villager (Male) |
| 2:00 | Create | Villager (Male) |
| 2:00 | Create | Villager (Male) |
| 2:35 | Build | House |
| 2:38 | Build | House |
| 2:40 | Build | House |
| 3:44 | Build | Mill |
| 6:14 | Create | Villager (Male) |
| 6:14 | Create | Villager (Male) |
| 7:06 | Create | Villager (Male) |
| 8:48 | Build | Palisade Wall |
| 8:57 | Build | Palisade Wall |
| 9:08 | Research | Loom |
| 9:36 | Research | Feudal Age |
| 10:51 | Create | Villager (Male) |
| 10:57 | Create | Villager (Male) |
| 11:46 | Age | Feudal Age |
| 12:30 | Build | Palisade Wall |
| 12:46 | Build | Dock |
| 13:03 | Build | Farm |
| 13:07 | Build | Farm |
| 13:39 | Build | Farm |
| 14:01 | Create | Villager (Male) |
| 14:02 | Create | Villager (Male) |
| 14:03 | Create | Villager (Male) |
| 14:03 | Create | Villager (Male) |
| 14:55 | Build | Palisade Gate |
| 15:21 | Build | Palisade Gate |
| 16:32 | Build | Farm |
| 16:49 | Create | Villager (Male) |
| 16:49 | Create | Villager (Male) |
| 17:27 | Build | Farm |
| 17:48 | Build | Farm |
| 18:43 | Build | Lumber Camp |
| 19:34 | Build | House |
| 19:36 | Build | House |
| 19:38 | Build | House |
| 19:41 | Build | House |
| 20:18 | Create | Villager (Male) |
| 20:18 | Create | Villager (Male) |
| 20:19 | Create | Villager (Male) |
| 20:20 | Create | Villager (Male) |
| 20:20 | Create | Villager (Male) |
| 20:57 | Build | Mining Camp |
| 21:22 | Build | Mining Camp |
| 21:28 | Create | Villager (Male) |
| 21:29 | Create | Villager (Male) |
| 21:29 | Create | Villager (Male) |
| 21:29 | Create | Villager (Male) |
| 22:22 | Research | Double-Bit Axe |
| 22:32 | Build | Farm |
| 23:32 | Create | Villager (Male) |
| 23:33 | Create | Villager (Male) |
| 23:33 | Create | Villager (Male) |
| 23:34 | Create | Villager (Male) |
| 23:51 | Create | Fishing Ship |
| 23:54 | Create | Fishing Ship |
| 24:03 | Build | Farm |
| 24:18 | Build | Farm |
| 25:53 | Build | Farm |
| 26:35 | Research | Castle Age |
| 27:01 | Build | Mining Camp |
| 27:45 | Research | Horse Collar |
| 27:51 | Create | Villager (Male) |
| 27:52 | Create | Villager (Male) |
| 27:53 | Create | Villager (Male) |
| 29:02 | Create | Villager (Male) |
| 29:03 | Create | Villager (Male) |
| 29:15 | Age | Castle Age |
| 29:54 | Build | Market |
| 30:17 | Create | Villager (Male) |
| 30:18 | Create | Villager (Male) |
| 30:43 | Build | Monastery |
| 31:29 | Create | Monk |
| 32:00 | Build | House |
| 32:05 | Build | House |
| 32:07 | Build | House |
| 33:15 | Create | Villager (Male) |
| 33:16 | Create | Villager (Male) |
| 34:29 | Build | Castle |
| 34:36 | Research | Imperial Age |
| 34:38 | Create | Villager (Male) |
| 34:39 | Create | Villager (Male) |
| 34:40 | Create | Villager (Male) |
| 34:40 | Create | Villager (Male) |
| 35:05 | Build | Archery Range |
| 35:12 | Build | Stable |
| 35:20 | Build | Siege Workshop |
| 35:43 | Create | Fishing Ship |
| 35:43 | Create | Fishing Ship |
| 35:44 | Create | Fishing Ship |
| 36:16 | Create | Villager (Male) |
| 36:16 | Create | Villager (Male) |
| 36:17 | Create | Villager (Male) |
| 37:00 | Research | Bow Saw |
| 37:07 | Research | Stone Mining |
| 37:08 | Research | Gold Mining |
| 37:40 | Build | Farm |
| 37:43 | Build | Farm |
| 37:46 | Age | Imperial Age |
| 38:00 | Create | Trebuchet (Packed) |
| 38:01 | Create | Trebuchet (Packed) |
| 38:30 | Build | Lumber Camp |
| 38:51 | Create | Ballista Elephant |
| 38:52 | Create | Ballista Elephant |
| 39:16 | Build | Fish Trap |
| 39:20 | Build | Fish Trap |
| 39:25 | Build | Fish Trap |
| 39:31 | Build | Fish Trap |
| 40:15 | Build | Farm |
| 40:27 | Build | Fish Trap |
| 40:37 | Build | Farm |
| 40:57 | Create | Villager (Male) |
| 40:58 | Create | Villager (Male) |
| 40:58 | Create | Villager (Male) |
| 40:59 | Create | Villager (Male) |
| 41:23 | Build | Farm |
| 42:07 | Build | Mining Camp |
| 42:29 | Create | Villager (Male) |
| 42:30 | Create | Villager (Male) |
| 42:30 | Create | Villager (Male) |
| 42:30 | Create | Villager (Male) |
| 42:40 | Create | Ballista Elephant |
| 42:41 | Create | Ballista Elephant |
| 42:41 | Create | Ballista Elephant |
| 42:57 | Build | Castle |
| 43:58 | Build | House |
| 44:00 | Build | House |
| 44:02 | Build | House |
| 44:10 | Build | House |
| 44:15 | Build | House |
| 44:19 | Build | House |
| 44:31 | Create | Ballista Elephant |
| 44:32 | Create | Ballista Elephant |
| 44:33 | Create | Ballista Elephant |
| 45:07 | Build | Farm |
| 45:11 | Build | Farm |
| 45:13 | Build | Farm |
| 45:16 | Build | Farm |
| 45:31 | Build | Farm |
| 46:36 | Build | Stone Wall |
| 46:54 | Create | Ballista Elephant |
| 46:55 | Create | Ballista Elephant |
| 46:55 | Create | Ballista Elephant |
| 46:56 | Create | Ballista Elephant |
| 46:56 | Create | Ballista Elephant |
| 46:56 | Create | Ballista Elephant |
| 46:57 | Create | Ballista Elephant |
| 46:57 | Create | Ballista Elephant |
| 46:57 | Create | Ballista Elephant |
Build order — User_Don_Juan217
First 150 of 279 actions detected
| 0:13 | Build | House |
| 0:14 | Build | House |
| 0:15 | Build | House |
| 0:16 | Build | House |
| 0:19 | Research | Loom |
| 0:19 | Create | Villager (Male) |
| 0:19 | Create | Villager (Male) |
| 0:20 | Create | Villager (Male) |
| 0:20 | Create | Villager (Male) |
| 2:11 | Create | Villager (Male) |
| 2:37 | Build | Lumber Camp |
| 3:27 | Create | Villager (Male) |
| 3:27 | Create | Villager (Male) |
| 3:28 | Create | Villager (Male) |
| 4:08 | Create | Villager (Male) |
| 4:43 | Create | Villager (Male) |
| 6:46 | Create | Villager (Male) |
| 6:46 | Create | Villager (Male) |
| 6:46 | Create | Villager (Male) |
| 6:47 | Create | Villager (Male) |
| 7:18 | Build | House |
| 7:20 | Build | Mill |
| 8:35 | Create | Villager (Male) ×3 |
| 8:35 | Create | Villager (Male) ×3 |
| 9:00 | Build | Farm |
| 9:04 | Build | Farm |
| 9:08 | Create | Villager (Male) |
| 9:08 | Create | Villager (Male) |
| 9:24 | Create | Villager (Male) |
| 9:25 | Create | Villager (Male) |
| 9:25 | Create | Villager (Male) |
| 9:26 | Create | Villager (Male) |
| 9:43 | Build | Farm |
| 9:44 | Build | Farm |
| 10:23 | Create | Villager (Male) ×4 |
| 10:38 | Create | Villager (Male) |
| 11:10 | Create | Villager (Male) |
| 11:17 | Create | Villager (Male) |
| 11:17 | Create | Villager (Male) |
| 11:23 | Create | Villager (Male) |
| 12:07 | Build | House |
| 12:08 | Build | Mining Camp |
| 13:09 | Build | Barracks |
| 13:20 | Build | Farm |
| 13:25 | Build | Farm |
| 14:02 | Research | Feudal Age |
| 14:03 | Create | Villager (Male) |
| 14:03 | Create | Villager (Male) |
| 14:07 | Build | House |
| 14:09 | Build | Mining Camp |
| 15:18 | Build | Lumber Camp |
| 17:51 | Age | Feudal Age |
| 18:01 | Build | Farm |
| 18:02 | Build | Farm |
| 18:03 | Build | Farm |
| 18:05 | Build | Farm |
| 18:06 | Build | Farm |
| 18:14 | Build | Blacksmith |
| 18:17 | Build | Market |
| 18:27 | Build | Farm |
| 18:41 | Build | Lumber Camp |
| 19:04 | Create | Villager (Male) |
| 19:04 | Create | Villager (Male) |
| 19:05 | Create | Villager (Male) |
| 19:06 | Create | Villager (Male) |
| 19:07 | Create | Villager (Male) |
| 19:13 | Research | Castle Age |
| 19:19 | Build | House |
| 19:20 | Build | House |
| 19:29 | Build | Lumber Camp |
| 19:35 | Build | House |
| 19:36 | Build | Mining Camp |
| 19:56 | Research | Stone Mining |
| 20:47 | Research | Forging |
| 20:47 | Research | Scale Barding Armor |
| 20:57 | Create | Villager (Male) |
| 21:07 | Create | Villager (Male) |
| 21:07 | Create | Villager (Male) |
| 21:13 | Research | Scale Barding Armor |
| 21:20 | Build | Stable |
| 21:28 | Create | Villager (Male) |
| 22:26 | Research | Horse Collar |
| 22:27 | Research | Double-Bit Axe |
| 22:30 | Build | Lumber Camp |
| 22:34 | Create | Villager (Male) |
| 22:36 | Create | Villager (Male) |
| 23:27 | Research | Bloodlines |
| 23:49 | Age | Castle Age |
| 23:59 | Create | Villager (Male) |
| 23:59 | Create | Villager (Male) |
| 24:16 | Build | Castle |
| 24:23 | Build | Farm |
| 24:24 | Create | Villager (Male) |
| 24:24 | Create | Villager (Male) |
| 24:43 | Build | Farm |
| 25:06 | Research | Wheelbarrow |
| 25:09 | Build | Farm |
| 25:30 | Research | Gold Mining |
| 25:33 | Build | Farm |
| 26:06 | Build | Mill |
| 26:17 | Research | Heavy Plow |
| 26:27 | Research | Bow Saw |
| 26:44 | Build | Castle |
| 26:59 | Build | Farm |
| 27:00 | Build | Farm |
| 27:00 | Build | Farm |
| 27:01 | Build | Farm |
| 27:08 | Create | Villager (Male) |
| 27:24 | Research | Husbandry |
| 27:46 | Build | Town Center |
| 27:53 | Build | Town Center |
| 28:33 | Research | Iron Casting |
| 28:33 | Research | Chain Barding Armor |
| 28:37 | Build | Farm |
| 28:54 | Research | Padded Archer Armor |
| 29:05 | Research | Fletching |
| 29:14 | Create | Villager (Male) ×2 |
| 29:20 | Create | Villager (Male) |
| 29:31 | Create | Villager (Male) |
| 29:32 | Build | Farm |
| 29:37 | Create | Villager (Male) |
| 29:54 | Create | Conquistador ×2 |
| 29:58 | Build | Farm |
| 30:05 | Create | Villager (Male) |
| 30:12 | Build | Farm |
| 30:15 | Build | Farm |
| 30:18 | Create | Villager (Male) |
| 30:19 | Create | Villager (Male) |
| 30:29 | Create | Conquistador |
| 30:50 | Build | Farm |
| 30:55 | Build | Farm |
| 30:59 | Build | Farm |
| 31:15 | Create | Conquistador ×5 |
| 31:37 | Build | Farm |
| 31:40 | Create | Villager (Male) |
| 31:42 | Create | Villager (Male) |
| 31:43 | Create | Villager (Male) |
| 31:57 | Create | Villager (Male) ×5 |
| 32:03 | Create | Villager (Male) |
| 32:12 | Create | Conquistador |
| 32:27 | Build | Farm |
| 32:31 | Build | Farm |
| 32:45 | Build | Farm |
| 32:56 | Create | Conquistador |
| 33:09 | Build | Farm |
| 33:10 | Build | Farm |
| 33:16 | Build | Farm |
| 33:20 | Build | Farm |
| 33:29 | Create | Villager (Male) ×5 |
| 33:31 | Create | Villager (Male) ×5 |
Build order — ThugsBunny
First 150 of 302 actions detected
| 0:27 | Create | Villager (Male) |
| 0:27 | Create | Villager (Male) |
| 0:27 | Create | Villager (Male) |
| 0:28 | Create | Villager (Male) |
| 0:29 | Research | Loom |
| 1:11 | Build | Palisade Wall |
| 1:38 | Build | House |
| 1:40 | Build | House |
| 1:41 | Build | House |
| 3:57 | Create | Villager (Male) |
| 3:57 | Create | Villager (Male) |
| 4:32 | Create | Villager (Male) |
| 5:32 | Build | Lumber Camp |
| 5:40 | Create | Villager (Male) |
| 5:41 | Create | Villager (Male) |
| 6:48 | Create | Villager (Male) |
| 6:49 | Create | Villager (Male) |
| 6:49 | Create | Villager (Male) |
| 7:22 | Create | Villager (Male) |
| 7:52 | Create | Villager (Male) |
| 7:52 | Create | Villager (Male) |
| 8:49 | Build | Mill |
| 9:48 | Build | Palisade Wall |
| 9:54 | Create | Villager (Male) |
| 9:54 | Create | Villager (Male) |
| 9:57 | Create | Villager (Male) |
| 10:58 | Build | Palisade Wall |
| 11:11 | Build | House |
| 11:13 | Build | House |
| 11:15 | Build | House |
| 11:17 | Build | House |
| 12:23 | Create | Villager (Male) |
| 12:23 | Create | Villager (Male) |
| 12:23 | Create | Villager (Male) |
| 12:50 | Build | Palisade Wall |
| 13:04 | Build | Mining Camp |
| 15:08 | Build | Farm |
| 15:10 | Build | Farm |
| 15:12 | Build | Farm |
| 15:15 | Build | Farm |
| 15:17 | Build | Farm |
| 15:18 | Build | Farm |
| 15:22 | Build | Farm |
| 15:23 | Build | Farm |
| 15:26 | Build | Farm |
| 15:27 | Build | Farm |
| 15:29 | Build | Farm |
| 15:33 | Build | Farm |
| 15:35 | Build | Farm |
| 15:52 | Research | Feudal Age |
| 16:53 | Build | Barracks |
| 17:13 | Build | House |
| 17:15 | Build | House |
| 17:17 | Build | House |
| 17:30 | Build | House |
| 18:02 | Age | Feudal Age |
| 18:10 | Research | Double-Bit Axe |
| 18:19 | Research | Horse Collar |
| 18:49 | Create | Villager (Male) |
| 18:49 | Create | Villager (Male) |
| 18:50 | Create | Villager (Male) |
| 18:50 | Create | Villager (Male) |
| 18:52 | Create | Villager (Male) |
| 18:52 | Create | Villager (Male) |
| 18:54 | Research | Wheelbarrow |
| 19:26 | Build | Lumber Camp |
| 20:38 | Build | Mining Camp |
| 20:42 | Create | Villager (Male) |
| 20:42 | Create | Villager (Male) |
| 20:43 | Create | Villager (Male) |
| 20:44 | Create | Villager (Male) |
| 20:44 | Create | Villager (Male) |
| 20:45 | Create | Villager (Male) |
| 21:15 | Research | Man-at-Arms (upgrade) |
| 21:16 | Research | Arson |
| 21:21 | Create | Militia |
| 21:21 | Create | Militia |
| 21:36 | Build | Mining Camp |
| 21:58 | Research | Gold Mining |
| 22:18 | Research | Stone Mining |
| 23:34 | Build | Archery Range |
| 23:40 | Build | Stable |
| 25:16 | Create | Villager (Male) |
| 25:53 | Build | Market |
| 26:10 | Build | Blacksmith |
| 26:25 | Create | Spearman |
| 26:26 | Create | Spearman |
| 26:26 | Create | Spearman |
| 26:26 | Create | Spearman |
| 26:27 | Create | Spearman |
| 26:28 | Create | Spearman |
| 26:34 | Research | Castle Age |
| 26:42 | Create | Spearman |
| 26:47 | Create | Skirmisher |
| 26:47 | Create | Skirmisher |
| 27:32 | Research | Forging |
| 27:57 | Build | Mining Camp |
| 28:04 | Create | Villager (Male) |
| 28:04 | Create | Villager (Male) |
| 28:07 | Create | Villager (Male) |
| 28:34 | Create | Skirmisher |
| 28:35 | Create | Skirmisher |
| 28:37 | Create | Skirmisher |
| 28:39 | Create | Skirmisher |
| 29:13 | Age | Castle Age |
| 29:24 | Research | Squires |
| 29:44 | Research | Pikeman (upgrade) |
| 30:17 | Research | Heavy Plow |
| 30:42 | Build | House |
| 30:44 | Build | House |
| 30:45 | Build | House |
| 30:47 | Build | House |
| 30:50 | Build | House |
| 30:51 | Build | House |
| 30:54 | Build | House |
| 30:56 | Build | House |
| 30:57 | Build | House |
| 30:58 | Build | House |
| 31:04 | Build | House |
| 31:05 | Build | House |
| 31:12 | Build | House |
| 31:13 | Build | House |
| 31:14 | Build | House |
| 31:16 | Build | House |
| 31:31 | Research | Bow Saw |
| 31:40 | Research | Elite Skirmisher (upgrade) |
| 31:52 | Create | Spearman |
| 31:53 | Create | Spearman |
| 31:53 | Create | Spearman |
| 31:55 | Create | Spearman |
| 31:55 | Create | Spearman |
| 31:56 | Create | Spearman |
| 32:11 | Research | Fletching |
| 32:28 | Create | Villager (Male) |
| 33:20 | Build | Monastery |
| 33:57 | Create | Villager (Male) |
| 33:57 | Create | Villager (Male) |
| 33:58 | Create | Villager (Male) |
| 34:09 | Research | Hand Cart |
| 36:32 | Build | Farm |
| 36:34 | Build | Farm |
| 36:40 | Build | Farm |
| 36:49 | Research | Gold Shaft Mining |
| 36:50 | Research | Stone Shaft Mining |
| 36:58 | Research | Iron Casting |
| 36:59 | Research | Scale Mail Armor |
| 37:06 | Create | Spearman |
| 37:06 | Create | Spearman |
| 37:31 | Create | Villager (Male) |
| 37:32 | Create | Villager (Male) |
Build order — Don M´s
First 150 of 305 actions detected
| 0:39 | Build | Palisade Wall |
| 0:46 | Research | Loom |
| 0:46 | Create | Villager (Male) |
| 0:46 | Create | Villager (Male) |
| 0:47 | Create | Villager (Male) |
| 0:47 | Create | Villager (Male) |
| 0:47 | Create | Villager (Male) |
| 0:59 | Build | House |
| 1:01 | Build | House |
| 1:04 | Build | House |
| 3:10 | Create | Villager (Male) |
| 3:10 | Create | Villager (Male) |
| 4:29 | Create | Villager (Male) |
| 4:30 | Create | Villager (Male) |
| 4:30 | Create | Villager (Male) |
| 4:30 | Create | Villager (Male) |
| 5:06 | Build | Palisade Wall |
| 6:17 | Build | Palisade Wall |
| 6:22 | Build | Palisade Wall |
| 6:31 | Build | Palisade Wall |
| 7:03 | Build | Mill |
| 7:25 | Create | Villager (Male) |
| 7:25 | Create | Villager (Male) |
| 8:01 | Create | Villager (Male) |
| 8:01 | Create | Villager (Male) |
| 9:07 | Create | Villager (Male) |
| 9:45 | Create | Villager (Male) |
| 9:45 | Create | Villager (Male) |
| 9:45 | Create | Villager (Male) |
| 9:46 | Create | Villager (Male) |
| 11:26 | Build | House |
| 11:28 | Build | House |
| 11:30 | Build | House |
| 11:39 | Build | Lumber Camp |
| 11:58 | Create | Villager (Male) |
| 11:58 | Create | Villager (Male) |
| 11:58 | Create | Villager (Male) |
| 11:58 | Create | Villager (Male) |
| 11:59 | Create | Villager (Male) |
| 11:59 | Create | Villager (Male) |
| 12:50 | Create | Villager (Male) |
| 13:15 | Build | Outpost |
| 13:24 | Build | Outpost |
| 13:40 | Research | Feudal Age |
| 15:50 | Age | Feudal Age |
| 16:15 | Create | Villager (Male) |
| 16:16 | Create | Villager (Male) |
| 16:16 | Create | Villager (Male) |
| 16:16 | Create | Villager (Male) |
| 16:17 | Create | Villager (Male) |
| 16:17 | Create | Villager (Male) |
| 16:17 | Create | Villager (Male) |
| 16:17 | Create | Villager (Male) |
| 16:43 | Build | Stone Wall |
| 16:49 | Build | Stone Wall |
| 16:59 | Build | Stone Wall |
| 17:08 | Build | Mining Camp |
| 17:25 | Research | Double-Bit Axe |
| 18:02 | Create | Villager (Male) |
| 18:02 | Create | Villager (Male) |
| 18:02 | Create | Villager (Male) |
| 18:19 | Build | Mill |
| 18:28 | Create | Villager (Male) |
| 18:28 | Create | Villager (Male) |
| 19:15 | Create | Villager (Male) |
| 19:31 | Research | Horse Collar |
| 19:52 | Build | House |
| 19:59 | Build | Farm |
| 20:01 | Build | Mill |
| 20:16 | Build | Farm |
| 20:18 | Build | Farm |
| 20:20 | Build | Farm |
| 20:24 | Build | Farm |
| 20:25 | Build | Farm |
| 20:26 | Build | Farm |
| 20:28 | Build | Farm |
| 20:30 | Build | Farm |
| 20:40 | Create | Villager (Male) |
| 20:41 | Create | Villager (Male) |
| 20:41 | Create | Villager (Male) |
| 20:41 | Create | Villager (Male) |
| 20:41 | Create | Villager (Male) |
| 20:52 | Build | Farm |
| 21:01 | Build | Mill |
| 21:07 | Build | Farm |
| 21:23 | Build | Farm |
| 21:30 | Create | Villager (Male) |
| 21:31 | Create | Villager (Male) |
| 21:31 | Create | Villager (Male) |
| 21:32 | Create | Villager (Male) |
| 21:32 | Create | Villager (Male) |
| 21:33 | Create | Villager (Male) |
| 21:53 | Build | Farm |
| 22:21 | Build | Market |
| 22:56 | Build | Mining Camp |
| 23:03 | Build | Farm |
| 23:07 | Build | Farm |
| 23:11 | Build | Farm |
| 24:35 | Research | Wheelbarrow |
| 24:59 | Build | Blacksmith |
| 25:12 | Build | Farm |
| 25:15 | Build | Farm |
| 25:25 | Create | Villager (Male) |
| 25:26 | Create | Villager (Male) |
| 25:58 | Build | Farm |
| 26:23 | Build | Farm |
| 26:27 | Research | Wheelbarrow |
| 26:27 | Research | Castle Age |
| 26:33 | Research | Town Watch |
| 26:37 | Create | Villager (Male) |
| 26:37 | Create | Villager (Male) |
| 26:38 | Create | Villager (Male) |
| 26:38 | Create | Villager (Male) |
| 26:38 | Create | Villager (Male) |
| 26:38 | Create | Villager (Male) |
| 26:39 | Create | Villager (Male) |
| 26:39 | Create | Villager (Male) |
| 26:39 | Create | Villager (Male) |
| 26:39 | Create | Villager (Male) |
| 27:24 | Build | Stone Wall |
| 27:31 | Build | Gate |
| 28:10 | Research | Stone Mining |
| 28:10 | Research | Gold Mining |
| 28:19 | Create | Trade Cart |
| 28:20 | Create | Trade Cart |
| 28:20 | Create | Trade Cart |
| 28:20 | Create | Trade Cart |
| 28:20 | Create | Trade Cart |
| 28:21 | Create | Trade Cart |
| 30:22 | Age | Castle Age |
| 30:26 | Research | Hand Cart |
| 30:30 | Research | Heavy Plow |
| 30:35 | Research | Bow Saw |
| 30:58 | Build | Town Center |
| 31:31 | Build | Monastery |
| 32:28 | Build | Stone Wall |
| 32:33 | Build | Stone Wall |
| 32:39 | Build | Gate |
| 32:44 | Build | Gate |
| 34:12 | Create | Monk |
| 34:26 | Research | Stone Shaft Mining |
| 34:32 | Create | Villager (Male) |
| 34:32 | Research | Hand Cart |
| 34:46 | Build | House |
| 34:49 | Build | House |
| 34:51 | Build | House |
| 34:53 | Build | House |
| 34:55 | Build | House |
| 35:03 | Build | Barracks |
| 35:05 | Build | Barracks |
Build order — JA9IIR
First 150 of 279 actions detected
| 0:01 | Create | Villager (Male) |
| 0:01 | Create | Villager (Male) |
| 0:01 | Create | Villager (Male) |
| 0:02 | Create | Villager (Male) |
| 0:03 | Build | House |
| 0:05 | Build | House |
| 1:55 | Create | Villager (Male) |
| 1:55 | Create | Villager (Male) |
| 2:37 | Create | Villager (Male) |
| 2:37 | Create | Villager (Male) |
| 3:29 | Create | Villager (Male) |
| 3:29 | Create | Villager (Male) |
| 3:31 | Create | Villager (Male) |
| 3:31 | Create | Villager (Male) |
| 3:32 | Create | Villager (Male) |
| 4:58 | Build | Mill |
| 6:12 | Create | Villager (Male) |
| 6:12 | Create | Villager (Male) |
| 6:13 | Create | Villager (Male) |
| 6:13 | Create | Villager (Male) |
| 6:13 | Create | Villager (Male) |
| 7:55 | Build | House |
| 7:58 | Build | House |
| 7:59 | Build | House |
| 8:18 | Create | Villager (Male) |
| 8:18 | Create | Villager (Male) |
| 8:18 | Create | Villager (Male) |
| 8:19 | Create | Villager (Male) |
| 8:19 | Create | Villager (Male) |
| 9:33 | Build | Palisade Wall |
| 9:59 | Build | Lumber Camp |
| 10:33 | Create | Villager (Male) |
| 10:35 | Create | Villager (Male) |
| 10:36 | Create | Villager (Male) |
| 11:02 | Build | Barracks |
| 11:09 | Create | Villager (Male) |
| 11:10 | Create | Villager (Male) |
| 12:11 | Create | Militia |
| 12:11 | Create | Militia |
| 12:11 | Create | Militia |
| 12:24 | Build | Mining Camp |
| 13:13 | Research | Feudal Age |
| 13:57 | Build | Mining Camp |
| 14:13 | Build | Farm |
| 14:13 | Build | Farm |
| 14:14 | Build | Farm |
| 14:14 | Build | Farm |
| 14:14 | Build | Farm |
| 14:14 | Build | Farm |
| 14:48 | Build | House |
| 15:02 | Build | Farm |
| 15:15 | Build | House |
| 15:18 | Build | House |
| 15:21 | Build | House |
| 15:23 | Age | Feudal Age |
| 15:33 | Build | Watch Tower |
| 15:46 | Create | Spearman |
| 15:46 | Create | Spearman |
| 15:46 | Create | Spearman |
| 15:46 | Create | Spearman |
| 16:00 | Build | Farm |
| 16:01 | Build | Farm |
| 16:01 | Build | Farm |
| 16:01 | Build | Farm |
| 16:01 | Build | Farm |
| 16:02 | Build | Farm |
| 17:28 | Build | Farm |
| 17:45 | Build | Palisade Wall |
| 18:02 | Build | Farm |
| 18:03 | Build | Farm |
| 18:03 | Build | Farm |
| 18:03 | Build | Farm |
| 18:03 | Build | Farm |
| 18:04 | Build | Farm |
| 18:04 | Build | Farm |
| 18:14 | Research | Double-Bit Axe |
| 20:35 | Build | Blacksmith |
| 20:51 | Build | Market |
| 20:58 | Create | Villager (Male) |
| 20:58 | Create | Villager (Male) |
| 21:43 | Build | Watch Tower |
| 22:23 | Create | Villager (Male) |
| 22:23 | Create | Villager (Male) |
| 23:00 | Research | Castle Age |
| 23:11 | Create | Villager (Male) |
| 23:11 | Create | Villager (Male) |
| 23:19 | Create | Villager (Male) |
| 24:57 | Create | Villager (Male) |
| 25:37 | Build | House |
| 25:42 | Build | House |
| 25:45 | Build | House |
| 25:47 | Build | House |
| 25:53 | Age | Castle Age |
| 26:23 | Build | Town Center |
| 26:35 | Create | Villager (Male) |
| 26:35 | Create | Villager (Male) |
| 26:35 | Create | Villager (Male) |
| 27:01 | Build | House |
| 27:18 | Create | Villager (Male) |
| 27:18 | Create | Villager (Male) |
| 27:19 | Create | Villager (Male) |
| 28:11 | Create | Spearman |
| 28:11 | Create | Spearman |
| 28:11 | Create | Spearman |
| 28:12 | Create | Spearman |
| 28:14 | Research | Pikeman (upgrade) |
| 28:14 | Research | Squires |
| 29:09 | Build | Palisade Wall |
| 29:36 | Build | Town Center |
| 29:43 | Create | Villager (Male) |
| 29:44 | Create | Villager (Male) |
| 29:44 | Create | Villager (Male) |
| 29:44 | Create | Villager (Male) |
| 30:30 | Create | Villager (Male) |
| 30:30 | Create | Villager (Male) |
| 30:30 | Create | Villager (Male) |
| 30:31 | Create | Villager (Male) |
| 30:52 | Build | Stone Wall |
| 30:55 | Build | Stone Wall |
| 30:55 | Build | Stone Wall |
| 30:58 | Build | Stone Wall |
| 30:59 | Build | Stone Wall |
| 31:15 | Build | House |
| 31:15 | Build | House |
| 31:16 | Build | House |
| 31:16 | Build | House |
| 31:17 | Build | House |
| 31:17 | Build | House |
| 31:18 | Build | House |
| 31:18 | Build | House |
| 31:19 | Build | House |
| 31:19 | Build | House |
| 31:19 | Build | House |
| 31:19 | Build | House |
| 31:51 | Build | Archery Range |
| 31:53 | Build | Archery Range |
| 32:53 | Create | Villager (Male) |
| 32:53 | Create | Villager (Male) |
| 32:54 | Create | Villager (Male) |
| 32:54 | Create | Villager (Male) |
| 32:59 | Build | House |
| 33:00 | Build | House |
| 33:03 | Build | House |
| 33:03 | Build | House |
| 33:03 | Build | House |
| 33:03 | Build | House |
| 33:04 | Build | House |
| 33:05 | Build | House |
| 33:07 | Create | Villager (Male) |
| 33:07 | Create | Villager (Male) |
Build order — davixherre
First 150 of 324 actions detected
| 0:02 | Create | Villager (Male) |
| 0:04 | Research | Loom |
| 0:06 | Build | House |
| 0:07 | Build | House |
| 0:10 | Build | House |
| 0:40 | Create | Villager (Male) |
| 0:40 | Create | Villager (Male) |
| 0:40 | Create | Villager (Male) |
| 1:32 | Build | Palisade Wall |
| 1:46 | Build | Settlement |
| 2:01 | Build | Palisade Wall |
| 2:03 | Build | Palisade Wall |
| 3:08 | Create | Villager (Male) |
| 3:08 | Create | Villager (Male) |
| 3:12 | Build | Palisade Wall |
| 3:14 | Build | Palisade Wall |
| 3:16 | Build | Palisade Wall |
| 3:19 | Build | Palisade Wall |
| 3:42 | Create | Villager (Male) |
| 3:43 | Create | Villager (Male) |
| 4:16 | Create | Villager (Male) |
| 4:17 | Create | Villager (Male) |
| 4:59 | Build | Palisade Gate |
| 5:07 | Build | Palisade Wall |
| 5:07 | Build | Palisade Wall |
| 5:11 | Build | Palisade Wall |
| 5:16 | Build | Palisade Wall |
| 6:25 | Create | Villager (Male) |
| 6:26 | Create | Villager (Male) |
| 6:27 | Create | Villager (Male) |
| 6:28 | Create | Villager (Male) |
| 7:24 | Create | Villager (Male) |
| 7:24 | Create | Villager (Male) |
| 7:54 | Create | Villager (Male) |
| 7:55 | Create | Villager (Male) |
| 8:02 | Build | Settlement |
| 8:44 | Create | Villager (Male) |
| 8:45 | Create | Villager (Male) |
| 8:59 | Build | Barracks |
| 9:52 | Create | Villager (Male) |
| 9:53 | Create | Villager (Male) |
| 10:19 | Create | Unit 2550 |
| 10:19 | Create | Unit 2550 |
| 10:53 | Build | Settlement |
| 10:58 | Create | Unit 2550 |
| 11:00 | Create | Villager (Male) |
| 11:00 | Create | Villager (Male) |
| 11:45 | Build | Settlement |
| 11:56 | Create | Villager (Male) |
| 11:56 | Create | Villager (Male) |
| 13:27 | Build | Settlement |
| 15:13 | Research | Feudal Age |
| 15:13 | Research | Feudal Age |
| 15:43 | Build | Barracks |
| 15:46 | Build | Barracks |
| 16:04 | Create | Villager (Male) |
| 16:56 | Build | Palisade Gate |
| 16:59 | Build | Palisade Wall |
| 16:59 | Build | Palisade Wall |
| 17:00 | Build | Palisade Wall |
| 17:00 | Build | Palisade Wall |
| 17:08 | Build | Palisade Gate |
| 17:16 | Create | Villager (Male) |
| 17:16 | Create | Villager (Male) |
| 17:23 | Age | Feudal Age |
| 17:23 | Build | House |
| 17:24 | Build | House |
| 17:25 | Build | House |
| 17:26 | Build | House |
| 17:27 | Build | House |
| 17:28 | Build | House |
| 17:33 | Build | House |
| 17:34 | Build | House |
| 17:35 | Build | House |
| 17:36 | Build | House |
| 17:37 | Build | House |
| 18:04 | Research | Double-Bit Axe |
| 18:06 | Research | Gold Mining |
| 18:15 | Research | Wheelbarrow |
| 18:36 | Create | Villager (Male) |
| 18:36 | Create | Villager (Male) |
| 19:16 | Build | Market |
| 19:20 | Create | Villager (Male) |
| 19:35 | Build | Blacksmith |
| 19:37 | Build | House |
| 20:30 | Create | Villager (Male) |
| 21:03 | Research | Castle Age |
| 21:03 | Research | Castle Age |
| 21:15 | Create | Trade Cart |
| 21:17 | Create | Trade Cart |
| 21:19 | Create | Trade Cart |
| 21:20 | Create | Trade Cart |
| 21:39 | Build | Gate |
| 21:44 | Build | Settlement |
| 22:04 | Research | Scale Mail Armor |
| 22:19 | Create | Trade Cart |
| 22:23 | Build | Settlement |
| 22:42 | Build | Farm |
| 22:53 | Build | Farm |
| 23:14 | Build | Settlement |
| 23:44 | Create | Villager (Male) |
| 23:48 | Age | Castle Age |
| 23:54 | Build | Siege Workshop |
| 23:59 | Build | Siege Workshop |
| 24:00 | Create | Villager (Male) |
| 24:30 | Research | Town Watch |
| 24:36 | Create | Villager (Male) |
| 24:45 | Create | Mangonel |
| 24:48 | Create | Battering Ram |
| 25:12 | Create | Villager (Male) |
| 25:41 | Create | Scorpion |
| 25:48 | Create | Battering Ram |
| 25:54 | Create | Spearman ×5 |
| 26:58 | Create | Scorpion |
| 26:58 | Create | Scorpion |
| 27:03 | Create | Mangonel |
| 27:03 | Create | Mangonel |
| 27:07 | Research | Forging |
| 27:07 | Create | Villager (Male) |
| 27:12 | Build | Settlement |
| 27:20 | Create | Trade Cart |
| 27:31 | Build | University |
| 27:40 | Build | Monastery |
| 28:44 | Create | Villager (Male) |
| 28:44 | Create | Villager (Male) |
| 28:47 | Build | Farm |
| 28:51 | Create | Trade Cart |
| 28:51 | Create | Trade Cart |
| 28:52 | Create | Trade Cart |
| 28:57 | Create | Villager (Male) |
| 28:57 | Create | Villager (Male) |
| 29:38 | Create | Villager (Male) |
| 29:38 | Create | Villager (Male) |
| 29:41 | Build | Farm |
| 30:08 | Create | Villager (Male) |
| 30:10 | Build | Farm |
| 30:12 | Build | Farm |
| 30:15 | Create | Mangonel |
| 30:16 | Create | Mangonel |
| 30:42 | Create | Villager (Male) |
| 30:44 | Build | Farm |
| 30:47 | Build | Town Center |
| 30:53 | Create | Villager (Male) |
| 30:54 | Create | Villager (Male) |
| 31:07 | Create | Trade Cart |
| 31:13 | Create | Monk |
| 31:18 | Create | Monk |
| 31:19 | Create | Villager (Male) |
| 31:19 | Create | Villager (Male) |
| 31:23 | Create | Monk |
Build order — Sharknado
First 150 of 273 actions detected
| 0:13 | Create | Villager (Male) |
| 0:14 | Create | Villager (Male) |
| 0:14 | Create | Villager (Male) |
| 0:14 | Create | Villager (Male) |
| 0:25 | Build | House |
| 0:26 | Build | House |
| 0:27 | Build | House |
| 0:56 | Research | Loom |
| 2:06 | Build | Palisade Wall |
| 2:13 | Create | Villager (Male) |
| 2:53 | Create | Villager (Male) |
| 2:53 | Create | Villager (Male) |
| 3:25 | Create | Villager (Male) |
| 6:50 | Build | Mill |
| 7:52 | Build | Barracks |
| 8:00 | Create | Villager (Male) |
| 8:00 | Create | Villager (Male) |
| 9:43 | Build | Lumber Camp |
| 11:14 | Research | Feudal Age |
| 11:15 | Create | Villager (Male) |
| 11:15 | Create | Villager (Male) |
| 12:35 | Create | Militia |
| 12:36 | Create | Militia |
| 12:36 | Create | Militia |
| 13:24 | Age | Feudal Age |
| 13:46 | Create | Villager (Male) |
| 13:46 | Create | Villager (Male) |
| 14:01 | Build | Barracks |
| 14:07 | Create | Villager (Male) |
| 14:50 | Build | House |
| 14:52 | Build | House |
| 14:55 | Build | House |
| 15:34 | Create | Villager (Male) |
| 16:12 | Build | House |
| 16:15 | Create | Villager (Male) |
| 16:25 | Create | Villager (Male) |
| 17:06 | Build | House |
| 17:17 | Build | Farm |
| 17:18 | Build | Farm |
| 17:21 | Build | Farm |
| 17:23 | Build | Farm |
| 17:25 | Build | Farm |
| 17:27 | Build | Farm |
| 17:31 | Build | Farm |
| 17:58 | Build | Archery Range |
| 18:11 | Build | Mining Camp |
| 18:23 | Create | Villager (Male) |
| 18:24 | Create | Villager (Male) |
| 18:24 | Create | Villager (Male) |
| 18:39 | Create | Villager (Male) |
| 19:12 | Build | Mill |
| 19:33 | Build | Barracks |
| 19:38 | Research | Man-at-Arms (upgrade) |
| 19:53 | Create | Villager (Male) |
| 19:54 | Create | Villager (Male) |
| 20:01 | Research | Horse Collar |
| 20:38 | Create | Villager (Male) |
| 20:47 | Build | Archery Range |
| 21:25 | Build | Market |
| 21:34 | Build | Mining Camp |
| 21:43 | Research | Double-Bit Axe |
| 21:45 | Create | Villager (Male) |
| 21:45 | Create | Villager (Male) |
| 22:10 | Build | Stone Wall |
| 22:29 | Create | Villager (Male) |
| 22:35 | Create | Villager (Male) |
| 22:41 | Create | Villager (Male) |
| 23:21 | Create | Archer |
| 23:21 | Create | Archer |
| 23:21 | Create | Archer |
| 23:22 | Create | Archer |
| 23:41 | Build | Blacksmith |
| 24:11 | Create | Villager (Male) |
| 24:13 | Create | Villager (Male) |
| 24:37 | Create | Villager (Male) |
| 24:48 | Build | House |
| 24:50 | Build | House |
| 24:53 | Build | House |
| 25:03 | Create | Villager (Male) |
| 25:09 | Build | Farm |
| 25:17 | Create | Villager (Male) |
| 25:29 | Build | Farm |
| 25:31 | Create | Villager (Male) |
| 25:50 | Create | Villager (Male) |
| 25:56 | Build | House |
| 26:02 | Build | Farm |
| 27:00 | Research | Arson |
| 27:12 | Research | Castle Age |
| 27:29 | Build | House |
| 27:52 | Build | House |
| 28:03 | Build | House |
| 28:39 | Build | Stone Wall |
| 28:49 | Build | Stone Wall |
| 29:04 | Create | Militia |
| 29:04 | Create | Militia |
| 29:04 | Create | Militia |
| 29:04 | Create | Militia |
| 29:29 | Create | Archer |
| 29:29 | Create | Archer |
| 29:30 | Create | Archer |
| 29:34 | Create | Militia |
| 29:52 | Age | Castle Age |
| 29:58 | Research | Long Swordsman (upgrade) |
| 29:59 | Research | Squires |
| 30:16 | Build | Farm |
| 30:18 | Build | Farm |
| 30:19 | Build | Farm |
| 30:21 | Build | Farm |
| 30:23 | Build | Farm |
| 30:28 | Create | Villager (Male) |
| 30:28 | Create | Villager (Male) |
| 30:28 | Create | Villager (Male) |
| 30:28 | Create | Villager (Male) |
| 30:41 | Research | Crossbowman (upgrade) |
| 31:02 | Research | Gold Mining |
| 31:09 | Create | Militia |
| 31:10 | Create | Militia |
| 31:14 | Create | Militia |
| 31:53 | Create | Villager (Male) |
| 32:55 | Create | Villager (Male) |
| 32:55 | Create | Villager (Male) |
| 32:55 | Create | Villager (Male) |
| 32:56 | Create | Villager (Male) |
| 34:54 | Build | Stone Wall |
| 35:16 | Create | Villager (Male) |
| 35:16 | Create | Villager (Male) |
| 35:16 | Create | Villager (Male) |
| 35:37 | Create | Villager (Male) |
| 35:53 | Build | University |
| 36:21 | Build | Gate |
| 36:34 | Build | Castle |
| 36:55 | Create | Villager (Male) |
| 36:56 | Create | Villager (Male) |
| 37:06 | Research | Fortified Wall (upgrade) |
| 37:06 | Research | Ballistics |
| 37:08 | Research | Murder Holes |
| 37:20 | Build | Monastery |
| 37:29 | Create | Villager (Male) |
| 37:29 | Create | Villager (Male) |
| 37:53 | Research | Treadmill Crane |
| 37:57 | Create | Villager (Male) |
| 37:58 | Create | Villager (Male) |
| 38:21 | Create | Monk |
| 38:48 | Build | Siege Workshop |
| 38:54 | Build | Archery Range |
| 38:56 | Build | Archery Range |
| 38:58 | Build | Archery Range |
| 38:59 | Build | Archery Range |
| 39:16 | Create | Villager (Male) |
| 39:18 | Research | Imperial Age |
Match timeline
| 0:39 | Don M´s · wall_segment Palisade Wall x21 |
| 1:11 | ThugsBunny · wall_segment Palisade Wall x21 |
| 1:32 | davixherre · wall_segment Palisade Wall x5 |
| 2:01 | davixherre · wall_segment Palisade Wall x1 |
| 2:03 | davixherre · wall_segment Palisade Wall x7 |
| 2:06 | Sharknado · wall_segment Palisade Wall x8 |
| 3:12 | davixherre · wall_segment Palisade Wall x1 |
| 3:14 | davixherre · wall_segment Palisade Wall x1 |
| 3:16 | davixherre · wall_segment Palisade Wall x1 |
| 3:19 | davixherre · wall_segment Palisade Wall x1 |
| 3:42 | Apollo 1984 · wall_segment Palisade Wall x8 |
| 5:06 | Don M´s · wall_segment Palisade Wall x14 |
| 5:07 | davixherre · wall_segment Palisade Wall x1 |
| 5:07 | davixherre · wall_segment Palisade Wall x1 |
| 5:11 | davixherre · wall_segment Palisade Wall x2 |
| 5:16 | davixherre · wall_segment Palisade Wall x7 |
| 6:17 | Don M´s · wall_segment Palisade Wall x10 |
| 6:22 | Don M´s · wall_segment Palisade Wall x10 |
| 6:31 | Don M´s · wall_segment Palisade Wall x14 |
| 7:52 | Sharknado · first_building Barracks |
| 8:48 | jera200888 · wall_segment Palisade Wall x1 |
| 8:57 | jera200888 · wall_segment Palisade Wall x17 |
| 8:59 | davixherre · first_building Barracks |
| 9:33 | JA9IIR · wall_segment Palisade Wall x10 |
| 9:48 | ThugsBunny · wall_segment Palisade Wall x8 |
| 10:58 | ThugsBunny · wall_segment Palisade Wall x8 |
| 10:58 | Apollo 1984 · first_building Barracks |
| 11:02 | JA9IIR · first_building Barracks |
| 11:46 | jera200888 · age_up feudal |
| 12:30 | jera200888 · wall_segment Palisade Wall x15 |
| 12:46 | jera200888 · first_building Dock |
| 12:50 | ThugsBunny · wall_segment Palisade Wall x11 |
| 13:09 | User_Don_Juan217 · first_building Barracks |
| 13:24 | Sharknado · age_up feudal |
| 15:23 | JA9IIR · age_up feudal |
| 15:50 | Don M´s · age_up feudal |
| 16:42 | Apollo 1984 · age_up feudal |
| 16:43 | Don M´s · wall_segment Stone Wall x10 |
| 16:49 | Don M´s · wall_segment Stone Wall x9 |
| 16:53 | ThugsBunny · first_building Barracks |
| 16:59 | Don M´s · wall_segment Stone Wall x21 |
| 16:59 | davixherre · wall_segment Palisade Wall x1 |
| 16:59 | davixherre · wall_segment Palisade Wall x1 |
| 17:00 | davixherre · wall_segment Palisade Wall x1 |
| 17:00 | davixherre · wall_segment Palisade Wall x1 |
| 17:23 | davixherre · age_up feudal |
| 17:45 | JA9IIR · wall_segment Palisade Wall x11 |
| 17:51 | User_Don_Juan217 · age_up feudal |
| 17:58 | Sharknado · first_building Archery Range |
| 18:02 | ThugsBunny · age_up feudal |
| 20:39 | davixherre · first_market_buy 500 food |
| 21:20 | User_Don_Juan217 · first_building Stable |
| 21:38 | Apollo 1984 · first_market_buy 100 wood |
| 21:43 | Apollo 1984 · first_market_sell 100 food |
| 22:10 | Sharknado · wall_segment Stone Wall x3 |
| 23:34 | ThugsBunny · first_building Archery Range |
| 23:40 | ThugsBunny · first_building Stable |
| 23:48 | davixherre · age_up castle |
| 23:49 | User_Don_Juan217 · age_up castle |
| 23:54 | davixherre · first_building Siege Workshop |
| 24:16 | User_Don_Juan217 · first_building Castle |
| 25:53 | JA9IIR · age_up castle |
| 26:24 | User_Don_Juan217 · first_market_buy 100 food |
| 27:24 | Don M´s · wall_segment Stone Wall x15 |
| 27:40 | davixherre · first_building Monastery |
| 28:39 | Sharknado · wall_segment Stone Wall x9 |
| 28:49 | Sharknado · wall_segment Stone Wall x11 |
| 29:09 | JA9IIR · wall_segment Palisade Wall x22 |
| 29:13 | ThugsBunny · age_up castle |
| 29:15 | jera200888 · age_up castle |
| 29:27 | Apollo 1984 · wall_segment Stone Wall x1 |
| 29:51 | Apollo 1984 · wall_segment Stone Wall x1 |
| 29:52 | Sharknado · age_up castle |
| 29:53 | Apollo 1984 · wall_segment Stone Wall x1 |
| 30:20 | Apollo 1984 · wall_segment Stone Wall x2 |
| 30:20 | Apollo 1984 · wall_segment Stone Wall x2 |
| 30:22 | Don M´s · age_up castle |
| 30:22 | Apollo 1984 · wall_segment Stone Wall x1 |
| 30:26 | Apollo 1984 · wall_segment Stone Wall x1 |
| 30:43 | jera200888 · first_building Monastery |
| 30:52 | JA9IIR · wall_segment Stone Wall x1 |
| 30:55 | JA9IIR · wall_segment Stone Wall x1 |
| 30:55 | JA9IIR · wall_segment Stone Wall x1 |
| 30:58 | JA9IIR · wall_segment Stone Wall x1 |
| 30:59 | JA9IIR · wall_segment Stone Wall x1 |
| 31:17 | Don M´s · first_market_buy 100 wood |
| 31:30 | Apollo 1984 · wall_segment Stone Wall x1 |
| 31:31 | Don M´s · first_building Monastery |
| 31:46 | Apollo 1984 · age_up castle |
| 31:51 | JA9IIR · first_building Archery Range |
| 32:28 | Don M´s · wall_segment Stone Wall x16 |
| 32:33 | Don M´s · wall_segment Stone Wall x16 |
| 33:14 | Apollo 1984 · first_building Stable |
| 33:20 | ThugsBunny · first_building Monastery |
| 34:29 | jera200888 · first_building Castle |
| 34:54 | Sharknado · wall_segment Stone Wall x12 |
| 35:03 | Don M´s · first_building Barracks |
| 35:05 | jera200888 · first_building Archery Range |
| 35:12 | jera200888 · first_building Stable |
| 35:17 | Don M´s · first_building Siege Workshop |
| 35:20 | jera200888 · first_building Siege Workshop |
| 35:40 | JA9IIR · wall_segment Stone Wall x12 |
| 36:07 | JA9IIR · wall_segment Stone Wall x26 |
| 36:18 | davixherre · first_market_sell 500 wood |
| 36:34 | Sharknado · first_building Castle |
| 37:20 | Sharknado · first_building Monastery |
| 37:24 | JA9IIR · wall_segment Stone Wall x12 |
| 37:26 | JA9IIR · wall_segment Stone Wall x7 |
| 37:44 | Don M´s · first_building Castle |
| 37:45 | ThugsBunny · first_building Siege Workshop |
| 37:46 | jera200888 · age_up imperial |
| 37:47 | Apollo 1984 · first_building Castle |
| 37:53 | JA9IIR · wall_segment Stone Wall x12 |
| 38:11 | davixherre · tribute_sent a jugador 1 |
| 38:11 | davixherre · tribute_sent a jugador 2 |
| 38:11 | davixherre · tribute_sent a jugador 3 |
| 38:11 | davixherre · tribute_sent a jugador 4 |
| 38:11 | davixherre · tribute_sent a jugador 5 |
| 38:11 | davixherre · tribute_sent a jugador 7 |
| 38:11 | davixherre · tribute_sent a jugador 8 |
| 38:16 | ThugsBunny · first_building Castle |
| 38:21 | User_Don_Juan217 · first_building Monastery |
| 38:48 | Sharknado · first_building Siege Workshop |
| 38:52 | User_Don_Juan217 · age_up imperial |
| 39:39 | davixherre · age_up imperial |
| 40:56 | Don M´s · first_building Stable |
| 41:14 | User_Don_Juan217 · first_building Archery Range |
| 43:01 | Sharknado · age_up imperial |
| 43:16 | davixherre · first_building Castle |
| 43:31 | Sharknado · first_market_sell 100 wood |
| 46:07 | Don M´s · age_up imperial |
| 46:21 | Don M´s · first_market_sell 100 stone |
| 46:36 | jera200888 · wall_segment Stone Wall x16 |
| 46:55 | Apollo 1984 · first_building Siege Workshop |
| 47:30 | ThugsBunny · age_up imperial |
| 49:26 | User_Don_Juan217 · first_market_sell 500 wood |
| 51:47 | JA9IIR · first_building Castle |
| 53:26 | Apollo 1984 · age_up imperial |
| 54:35 | Sharknado · resign |
| 60:21 | User_Don_Juan217 · first_building Dock |
[ AI ANALYSIS · 1 CREDIT ]
What really happened in this match?
Wolo.gg analyzes every decision: build order, eco, micro, common mistakes by bracket. Personalized analysis on WhatsApp or Discord in 30 seconds.
Civ guide
Huns
Perfil
Jugador #23240198